cohdb
Replays
Latest Replays
All Replays
Popular Replays
Top Player Replays
Match Explorer
How It Works
Community
CoH3 Stats
Reddit
Sign in to upload your games and track your stats! →
Sign in with Steam
Match 41487795
Unlisted
Match 41487795
Overview
Messages
Build Orders
End
Construct Weapon Support Center
Selects Heavy Weapons
Engineer Squad
Sniper
Bazooka Squad
Bazooka Squad
Construct Medical Station
Selects Assault Carriers
Mechanized Support Center
M3 Assault Carrier
Selects M2HB .50cal Heavy Machine Gun
.30 cal Machine Gun
Improved M9 Bazooka Rockets
M1919 Machine Gun Team
M1919 Machine Gun Team
Construct Tank Depot
Selects Halftrack Strongpoints
.30 cal Machine Gun
M4A1 Sherman Medium Tank
Forward Retreat Point
M4A1 76mm Conversion
M3 Assault Carrier
Engineer Squad
.30 cal Machine Gun
Selects M26 Pershing Heavy Tank
M26 Pershing Heavy Tank
Improvised Armor
Salvage Crew
Designate Forward Repair Station
Rapid Repairs
Selects Rapid Reposition
M4A1(76) Sherman Medium Tank
Engineer Squad
Bazooka Squad
Boxes
Yule
旧时光
15thShiMing
Ming Empire
冥雨
AshCo Dismas
L1mbo
0
0
Comments
sign in to comment!
No comments posted yet!